 Dungeon Crawl Stone Soup version 0.27-a0-637-g3a9f0a9c12 (webtiles) character file.

Game seed: 13690449490669862886

121 ReteAZ the Stinger (level 5, -4/42 HPs)
             Began as a Naga Venom Mage on Mar 14, 2021.
             Slain by a gnoll (8 damage)
             ... on level 3 of the Dungeon.
             The game lasted 00:04:20 (3076 turns).

ReteAZ the Stinger (Naga Venom Mage)                Turns: 3076, Time: 00:04:20

Health: -4/42      AC:  2    Str: 10    XL:     5   Next: 5%
Magic:  5/9        EV: 10    Int: 16    God:
Gold:   84         SH:  0    Dex: 12    Spells: 8/9 levels left

rFire    . . .     SeeInvis +   l - +0 short sword
rCold    . . .     Faith    .   (no shield)
rNeg     . . .     Spirit   .   a - +0 robe
rPois    +         Reflect  .   (no helmet)
rElec    .         Harm     .   (no cloak)
rCorr    .         Rampage  .   (no gloves)
Will     .....                  (no barding)
Stlth    ++........             (no amulet)
HPRegen  0.14/turn              (no ring)
MPRegen  0.11/turn              (no ring)

@: very slow
A: AC +1, large, see invisible, deformed body, poison resistance, slowness 2,
spit poison 1, naga tail 1
a: Spit Poison


You were on level 3 of the Dungeon.
You visited 1 branch of the dungeon, and saw 3 of its levels.

You collected 84 gold pieces.

Inventory:

Hand Weapons
 b - a +0 dagger
 l - a +0 short sword (weapon)
Missiles
 n - a throwing net
Armour
 a - a +0 robe (worn)
Jewellery
 f - an amulet of faith
 g - a ring of fire
Scrolls
 c - a scroll of blinking {unknown}
 i - 3 scrolls of identify {unknown}
 j - a scroll of teleportation {unknown}
 m - a scroll of fog {unknown}
 o - a scroll of magic mapping {unknown}
Potions
 d - a potion of degeneration {unknown}
 e - a potion of brilliance {unknown}
 h - 2 potions of curing {unknown}
 k - a potion of flight {unknown}


   Skills:
 - Level 1.5 Dodging
 - Level 3.0 Stealth
 + Level 2.8 Spellcasting
 + Level 2.3 Transmutations
 * Level 6.0 Poison Magic


You had 8 spell levels left.
You knew the following spells:

 Your Spells              Type           Power      Damage    Failure   Level
a - Sting                 Tmut/Pois      60%        1d6       3%          1

Your spell library contained the following spells:

 Spells                   Type           Power      Damage    Failure   Level
 Poisonous Vapours        Pois/Air       22%        N/A       9%          2
 Olgreb's Toxic Radiance  Pois           21%        N/A       16%         4
 Ignite Poison            Fire/Tmut/Pois 11%        N/A       19%         3
 Mephitic Cloud           Conj/Pois/Air  8%         N/A       26%         3


Dungeon Overview and Level Annotations

Branches:
Dungeon (3/15)

Altars:
Yredelemnul

Annotations:
D:3 1 runed translucent door


Innate Abilities, Weirdness & Mutations

Your serpentine skin is tough. (AC +1)
You have supernaturally acute eyesight. (SInv)
Armour fits poorly on your strangely shaped body.
Your system is resistant to poisons. (rPois)
You cover ground very slowly.
You can spit poison.
You have a snake-like lower body.


Message History

You completely miss the gnoll.
The gnoll is almost dead.
The gnoll hits you with a +0 flail.
You hit the gnoll.
The gnoll is almost dead.
You kill the gnoll!
You are too injured to fight recklessly!
Casting: Sting (safe; 3% risk of failure)
Confirm with . or Enter, or press ? or * to list all spells.
Aiming: Sting (safe; 3% risk of failure)
Press: ? - help, Shift-Dir - straight line, f - gnoll
Aim: a gnoll (23% to evade)
The sting hits the gnoll.
The gnoll is poisoned.
The gnoll is lightly wounded.
The gnoll hits you!
* * * LOW HITPOINT WARNING * * *
Press: ? - help, Shift-Dir - straight line, f - gnoll, p - gnoll
Aim: a gnoll, wielding a +0 club (heavily wounded)
The splash of poison misses the gnoll.
The splash of poison hits the gnoll.
The gnoll is poisoned.
The gnoll is almost dead.
The gnoll hits you.
* * * LOW HITPOINT WARNING * * *
You kill the gnoll!
The gnoll hits you.
* * * LOW HITPOINT WARNING * * *
Your Poison Magic skill increases to level 6!
You have reached level 5!
Casting: Sting (safe; 3% risk of failure)
Confirm with . or Enter, or press ? or * to list all spells.
Aiming: Sting (safe; 3% risk of failure)
Press: ? - help, Shift-Dir - straight line, f - gnoll
Aim: a gnoll (lightly wounded, poisoned, 23% to evade)
The sting hits the gnoll.
The gnoll looks even sicker.
The gnoll is heavily wounded.
The gnoll hits you.
* * * LOW HITPOINT WARNING * * *
You have got your breath back.
The gnoll hits you!
You die...

#### ..# #.# ########
####.### #......## ##
##......# #.#..... ..# #
#.....#.###.#.##.#####.#
#.#..##.#.##....##.##....#
#.#..##..))...g@...##.##.##
#.......#.##...##.........#
###.......###.###...###)..#
####.####### #.#
#...#p#.†.# ........# #.#
#...#+#...# .###g##.#
#+##..........## .g...# #
#.8.#####.8.# ..####
...###...###.# . ...
#._.###.#


You could see a gnoll (very poisoned) and a neutral human (wandering).

Vanquished Creatures
  Jessica (D:2)
  2 gnolls (D:3)
  2 adders
  A worm (D:3)
  4 dart slugs (D:1)
  A leopard gecko (D:2)
  7 bats
  A giant cockroach (D:1)
  7 goblins
  A hobgoblin (D:1)
  2 jackals (D:1)
  6 kobolds
  3 quokkas
  7 frilled lizards
  5 rats
50 creatures vanquished.

Vanquished Creatures (others)
  7 plants (D:1)
  4 toadstools (D:1)
11 creatures vanquished.

Grand Total: 61 creatures vanquished

Notes
Turn   | Place    | Note
-------+----------+-------------------------------------------
     0 | D:1      | ReteAZ the Naga Venom Mage began the quest for the Orb.
     0 | D:1      | Reached XP level 1. HP: 15/15 MP: 3/3
   150 | D:1      | Reached XP level 2. HP: 5/22 MP: 1/5
  1022 | D:1      | Reached XP level 3. HP: 17/28 MP: 2/6
  1379 | D:1      | Reached skill level 5 in Poison Magic
  2389 | D:2      | Noticed Jessica
  2395 | D:2      | Killed Jessica
  2396 | D:2      | Reached XP level 4. HP: 14/36 MP: 4/7
  3002 | D:3      | Found a runed translucent door.
  3002 | D:3      | Noticed a human
  3006 | D:3      | Found a basalt altar of Yredelemnul.
  3074 | D:3      | Reached skill level 6 in Poison Magic
  3074 | D:3      | Reached XP level 5. HP: 8/42 MP: 6/9
  3076 | D:3      | Slain by a gnoll

Illustrated notes

Levels and vault maps discovered:
D:1:      ldierk_water_garden, layout_loops_corners, serial_bayou_ford_a,
          corexii_hall_statues_deadend, minmay_pentomino_s4
D:2:      layout_loops_cross, uniq_jessica
D:3:      layout_loops_corners, dk_yredelemnul_ordeal

Skill      XL: |  1  2  3  4 |
---------------+-------------+-----
Poison Magic   | 5 6 |  6.0
Transmutations | 2 |  2.3
Dodging        | |  1.5
Stealth        | |  3.0
Spellcasting   | |  2.8

Action                   |  1- 3 |  4- 6 || total
-------------------------+-------+-------++-------
Melee: Unarmed           |    13 |       ||    13
       Dagger            |    37 |       ||    37
       Short sword       |       |     5 ||     5
 Cast: Sting             |    51 |    17 ||    68
 Abil: Spit Poison       |     3 |     3 ||     6
Armor: Robe              |    10 |     1 ||    11
Dodge: Dodged            |    22 |     1 ||    23

Table legend: (Time is in decaauts)
 A = Elapsed time spent in this place.
 B = Non-inter-level travel time spent in this place.
 C = Inter-level travel time spent in this place.
 D = Time resting spent in this place.
 E = Time spent auto-exploring this place.
 F = Levels seen in this place.
 G = Mean time per level.
                   A        B        C        D        E       F      G
               +--------+--------+--------+--------+--------+-----+--------+
         Total |   3705 |   3660 |     45 |    192 |   3019 |   3 | 1235.0 |
       Dungeon |   3705 |   3660 |     45 |    192 |   3019 |   3 | 1235.0 |
               +--------+--------+--------+--------+--------+-----+--------+

Top non-repeatable levels by time:
     D:1: 2119 daAuts
     D:2: 1270 daAuts
     D:3: 315 daAuts
